 Dungeon Crawl Stone Soup version 0.27.1-33-g824d729ab1 (webtiles) character file.

Game seed: 11842002692547128268

15 mcbry74 the Firebug (level 2, 0/20 HPs)
             Began as a Hill Orc Fire Elementalist on Dec 27, 2021.
             Slain by a jackal (2 damage)
             ... on level 1 of the Dungeon.
             The game lasted 00:02:56 (641 turns).

mcbry74 the Firebug (Hill Orc Fire Elementalist)     Turns: 641, Time: 00:02:57

Health: 0/20       AC:  2    Str: 10    XL:     2   Next: 50%
Magic:  2/4        EV: 12    Int: 15    God:
Gold:   27         SH:  0    Dex: 11    Spells: 3/4 levels left

rFire    . . .     SeeInvis .   (no weapon)
rCold    . . .     Faith    .   (no shield)
rNeg     . . .     Spirit   .   a - +0 robe
rPois    .         Reflect  .   (no helmet)
rElec    .         Harm     .   (no cloak)
rCorr    .         Rampage  .   (no gloves)
Will     .....                  (no boots)
Stlth    ++........             (no amulet)
HPRegen  0.06/turn              (no ring)
MPRegen  0.09/turn              (no ring)

@: no status effects
A: no striking features
a: no special abilities


You were on level 1 of the Dungeon.
You visited 1 branch of the dungeon, and saw 1 of its levels.

You collected 27 gold pieces.

Inventory:

Hand Weapons
 e - a +0 quarterstaff
Missiles
 c - 17 stones
 d - 11 sling bullets
Armour
 a - a +0 robe (worn)
Jewellery
 f - a ring of poison resistance
Scrolls
 b - 2 scrolls of magic mapping


   Skills:
 - Level 1.5 Dodging
 - Level 1.5 Stealth
 - Level 1.5 Spellcasting
 + Level 1.5 Conjurations
 * Level 3.9 Fire Magic


You had 3 spell levels left.
You knew the following spells:

 Your Spells              Type           Power      Damage    Failure   Level
a - Foxfire               Conj/Fire      36%        2x1d5     8%          1

Your spell library contained the following spells:

 Spells                   Type           Power      Damage    Failure   Level
 Conjure Flame            Conj/Fire      9%         6-21      22%         3
 Inner Flame              Hex/Fire       7%         N/A       30%         3
 Sticky Flame             Conj/Fire      9%         2d3       58%         4
 Fireball                 Conj/Fire      4%         3d4       91%         5


Dungeon Overview and Level Annotations

Branches:
Dungeon (1/15)

Altars:


Message History

Casting: Foxfire (safe; 8% risk of failure)
Confirm with . or Enter, or press ? or * to list all spells.
There is not enough space to conjure foxfire!
There are monsters nearby!
The jackal bites you but does no damage.
The jackal misses you. The jackal completely misses you.
The jackal bites you. x2
The jackal bites you but does no damage.
The jackal bites you. The jackal misses you. The jackal barely misses you.
The jackal closely misses you. The jackal barely misses you.
The jackal misses you. The jackal bites you.
* * * LOW HITPOINT WARNING * * *
The jackal misses you. The jackal barely misses you.
The jackal bites you but does no damage.
The jackal misses you. The jackal barely misses you.
The jackal bites you but does no damage.
The jackal closely misses you. The jackal barely misses you. x2
The jackal closely misses you. The jackal bites you.
* * * LOW HITPOINT WARNING * * *
The jackal closely misses you.
The jackal bites you but does no damage.
The jackal barely misses you. The jackal bites you.
* * * LOW HITPOINT WARNING * * *
Casting: Foxfire (safe; 8% risk of failure)
Confirm with . or Enter, or press ? or * to list all spells.
There is not enough space to conjure foxfire!
Really attack while wielding nothing? [Y]es or [N]o only, please.
Really attack while wielding nothing? [Y]es or [N]o only, please.
Really attack while wielding nothing?
Okay, then.
As you read the scroll labelled TUODGH ROWE, it crumbles to dust.
You feel aware of your surroundings.
You sensed 1 altar.
It was a scroll of magic mapping.
The jackal bites you.
You die...

*,*********##.......*
*,,..##..,,.....8...*
***#.##.#**#...8>8..*
****#.##.# #....8....
*,,,.....#
##.........
*,**#.##.#
#.........* *,*
#.##.###....#,.#**
*,*
#h##K......##.####
*,*
#@hSb....#........
*,*
####l#####h#######
*,* #.# #K#
*,*****#.# #.#
*,,,,,,..# #.#
*******### #.#
###.#### #
**#####......# #
*,...........# #


You could see 2 jackals, a bat, a ball python, a kobold and a frilled lizard.

Vanquished Creatures
  3 dart slugs (D:1)
  A ball python (D:1)
  A bat (D:1)
  A goblin (D:1)
  A hobgoblin (D:1)
  A kobold (D:1)
8 creatures vanquished.

Vanquished Creatures (others)
  26 foxfires (D:1)
26 creatures vanquished.

Grand Total: 34 creatures vanquished

Notes
Turn   | Place    | Note
-------+----------+-------------------------------------------
     0 | D:1      | mcbry74 the Hill Orc Fire Elementalist began the quest for
                  | the Orb.
     0 | D:1      | Reached XP level 1. HP: 14/14 MP: 3/3
   158 | D:1      | Reached XP level 2. HP: 17/20 MP: 1/4
   641 | D:1      | Slain by a jackal

Illustrated notes

Levels and vault maps discovered:
D:1:      evilmike_arrival_fibonacci_small, layout_loops_corners,
          chequers_ecumenical_altar_simple_redux, st_stairs_14

Action                   || total
-------------------------++-------
Melee: Unarmed           ||     1
 Cast: Foxfire           ||    16
  Use: Scroll            ||     1
Armor: Robe              ||    14
Dodge: Dodged            ||    45
